 Dungeon Crawl Stone Soup version 0.22-a0-15-g4f60a598d5 (webtiles) character file.

31089 Blobbbo the Grappler (level 13, -1/128 HPs)
             Began as a Troll Monk on Jan 2, 2018.
             Was an Elder of Qazlal.
             Slain by a ten-headed hydra (10 damage)
             ... on level 5 of the Lair of Beasts.
             The game lasted 01:35:05 (13415 turns).

Blobbbo the Grappler (Troll Monk)                  Turns: 13415, Time: 01:35:06

Health: -1/128     AC: 15    Str: 22    XL:     13   Next: 24%
Magic:  26/26      EV: 14    Int:  6    God:    Qazlal [****..]
Gold:   883        SH:  5    Dex: 16    Spells: 15/17 levels left

rFire    + . .     SeeInvis .     - Unarmed
rCold    . . .     Gourm    +   (no shield)
rNeg     + . .     Faith    .   X - quicksilver dragon scales
rPois    +         Spirit   .   (helmet restricted)
rElec    .         Reflect  .   a - +1 cloak {rPois}
rCorr    .         Harm     .   (gloves unavailable)
MR       ++...                  (boots unavailable)
Stlth    +.........             O - amulet of magic regeneration
HPRegen  0.71/turn              S - ring "Hiumow" {rF+ rN+ MP+9}
MPRegen  0.45/turn              N - ring of protection from magic

@: repel missiles
A: large, unfitting armour, claws 3, fast metabolism 3, gourmand, regeneration
1, shaggy fur 1, tough skin 2
a: Upheaval, Elemental Force, Renounce Religion


You were on level 5 of the Lair of Beasts.
You worshipped Qazlal.
Qazlal was greatly pleased with you.
You were not hungry.

You visited 2 branches of the dungeon, and saw 16 of its levels.

You collected 883 gold pieces.

Inventory:

Hand Weapons
 q - a +3 whip of electrocution
Armour
 a - a +1 cloak of poison resistance (worn)
 k - a +2 robe of magic resistance
 U - the +1 robe of Moar {rPois Int+4 Stlth-}
   (You found it on level 4 of the Lair of Beasts)

   It affects your intelligence (+4).
   It protects you from poison.
   It makes you less stealthy.
 X - quicksilver dragon scales (worn)
Jewellery
 v - a +1 ring of evasion
 N - a ring of protection from magic (right claw)
 O - an amulet of magic regeneration (around neck)
 Q - a +2 ring of intelligence {unknown}
 R - an uncursed ring of stealth
 S - the ring "Hiumow" (left claw) {rF+ rN+ MP+9}
   (You found it on level 3 of the Lair of Beasts)

   [ring of magical power]

   It protects you from fire.
   It protects you from negative energy.
   It affects your magic capacity (+9).
Wands
 o - a wand of polymorph (72)
 t - a wand of random effects (20)
 C - a wand of flame (21)
 D - a wand of scattershot (7)
 F - a wand of iceblast (8)
 G - a wand of paralysis (11)
 I - a wand of disintegration (58)
 K - a wand of enslavement (17)
Scrolls
 d - 7 scrolls of identify
 i - 4 scrolls of remove curse
 l - 3 scrolls of fog
 w - 4 scrolls of teleportation
 y - 2 scrolls of enchant weapon
 E - a scroll of random uselessness
 H - 2 scrolls of amnesia
 J - a scroll of immolation {unknown}
 M - 2 scrolls of enchant armour
 P - a scroll of fear {unknown}
 W - 3 scrolls of summoning
Potions
 c - 2 potions of flight
 g - 2 potions of brilliance {unknown}
 h - 6 potions of lignification
 j - 4 potions of might {unknown}
 m - 2 potions of magic {unknown}
 n - a potion of invisibility
 p - 3 potions of haste {unknown}
 r - a potion of cancellation {unknown}
 s - 2 potions of agility {unknown}
 u - 2 potions of mutation {unknown}
 z - 2 potions of curing
 A - a potion of ambrosia
 B - 2 potions of degeneration {unknown}
Books
 f - a book of Callings

   Spells                             Type                      Level
   a - Summon Small Mammal            Summoning                    1
   b - Call Imp                       Summoning                    2
   c - Call Canine Familiar           Summoning                    3
   d - Summon Guardian Golem          Hexes/Summoning              3
   e - Summon Lightning Spire         Summoning/Air                4
   f - Summon Ice Beast               Ice/Summoning                4
 x - a book of Cantrips

   Spells                             Type                      Level
   a - Confusing Touch                Hexes                        1
   b - Animate Skeleton               Necromancy                   1
   c - Summon Small Mammal            Summoning                    1
   d - Apportation                    Translocation                1
 L - a book of Minor Magic

   Spells                             Type                      Level
   a - Magic Dart                     Conjuration                  1
   b - Blink                          Translocation                2
   c - Call Imp                       Summoning                    2
   d - Slow                           Hexes                        2
   e - Conjure Flame                  Conjuration/Fire             3
   f - Mephitic Cloud                 Conjuration/Poison/Air       3
 T - a book of Battle

   Spells                             Type                      Level
   a - Infusion                       Charms                       1
   b - Shroud of Golubria             Charms/Translocation         2
   c - Song of Slaying                Charms                       2
   d - Spectral Weapon                Hexes/Charms                 3
   e - Regeneration                   Charms/Necromancy            3
 V - a book of Geomancy

   Spells                             Type                      Level
   a - Sandblast                      Earth                        1
   b - Passwall                       Transmutation/Earth          2
   c - Stone Arrow                    Conjuration/Earth            3
   d - Petrify                        Transmutation/Earth          4
   e - Lee's Rapid Deconstruction     Earth                        5
Comestibles
 b - 17 rations


   Skills:
 - Level 8.5 Fighting
 - Level 5.2 Maces & Flails
 - Level 1.0 Throwing
 + Level 2.8 Armour
 - Level 9.1 Dodging
 - Level 1.0 Stealth
 - Level 12.3 Unarmed Combat
 + Level 2.7 Spellcasting
 * Level 4.5 Charms
 - Level 7.3 Invocations


You had 15 spell levels left.
You knew the following spells:

 Your Spells              Type           Power        Failure   Level  Hunger
a - Song of Slaying       Chrm           #.......     14%         2    ###....


Dungeon Overview and Level Annotations

Branches:
Dungeon (11/15)            Temple (0/1) D:5            Lair (5/6) D:11
 Shoals (0/4) Lair:4        Snake (0/4) Lair:2        Slime (0/5) Lair:5
    Orc (0/2) D:9

Altars:
Ashenzari
Cheibriados
Gozag
Hepliaklqana
Kikubaaqudgha
Okawaru
Qazlal
Ru
Uskayaw
Wu Jian
Xom
Yredelemnul
Beogh
Jiyva

Shops:
D:7 (*=   D:9 =[(


Innate Abilities, Weirdness & Mutations

You are too large for most types of armour.
You have claws for hands.
Your metabolism is lightning-fast.
You like to eat raw meat.
Your natural rate of healing is unusually fast.
You are covered in fur. (AC +1)
You have very tough skin. (AC +2)


Message History

You block the nine-headed hydra's attack.
The nine-headed hydra bites you! x2
* * * LOW HITPOINT WARNING * * *
The nine-headed hydra bites you.
* * * LOW HITPOINT WARNING * * *
The nine-headed hydra bites you but does no damage.
The nine-headed hydra bites you.
* * * LOW HITPOINT WARNING * * *
The nine-headed hydra bites you!
* * * LOW HITPOINT WARNING * * *
The nine-headed hydra bites you but does no damage.
You rip one of the nine-headed hydra's heads off!
The eight-headed hydra grows two more!
You claw the ten-headed hydra!
The ten-headed hydra is moderately wounded.
The elephant completely misses you. x2
The ten-headed hydra closely misses you.
The ten-headed hydra bites you.
* * * LOW HITPOINT WARNING * * *
The ten-headed hydra bites you!
You die...

#.........##..P.#
.###....Y..#......##
#.......P###.......##
.. ####..†###
#........#..# #....
#..<......# #.#.E.
#.....§...### ###....
##.§..##...P. #...#
##§DY#...... ...##
##@§..#.. ...
##........ #.......#
##....... #......
.....# .....# ....P#


You could see a ten-headed hydra and an elephant.

Vanquished Creatures
  3 entropy weavers (Lair:4)
  2 hydras (Lair:3)
  2 two-headed ogres
  A centaur warrior (D:10)
  5 fire crabs (Lair:4)
  Pikel (D:5)
  A deep elf mage (D:8)
  Maurice (D:9)
  3 elephants (Lair:5)
  A centaur skeleton (D:10)
  A rime drake (Lair:1)
  The ghost of kroki the Grave Robber, a novice GnNe of Okawaru (D:5)
  8 spiny frogs
  5 komodo dragons
  3 trolls
  Prince Ribbit (D:9)
  5 slime creatures (D:10)
  3 hippogriffs
  A snapping turtle (Lair:4)
  A shadow (D:11)
  3 humans
  Sigmund (D:3)
  3 basilisks
  3 wyverns
  11 yaks
  A hungry ghost (D:10)
  2 hogs (D:7)
  A naga (Lair:2)
  A warg (Lair:1)
  7 water moccasins
  Duvessa (D:7)
  A soldier ant (D:11)
  4 porcupines
  2 sky beasts (D:11)
  A phantom (D:9)
  2 ice beasts
  6 orc warriors
  2 black bears
  9 ogres
  7 wolves
  2 centaurs
  9 crocodiles
  The ghost of NixNut the Sneak, an amateur OpAs (D:3)
  A big kobold (D:8)
  11 bullfrogs
  Dowan (D:7)
  3 scorpions
  9 killer bees
  3 electric eels
  10 wights
  5 crimson imps
  A howler monkey (D:5)
  4 jellies
  8 orc wizards
  An orc priest (D:8)
  13 hounds
  Terence (D:3)
  8 iguanas
  4 worker ants
  Natasha (thrice) (D:3 D:6)
  3 hound zombies
  4 hound skeletons
  A mummy (D:5)
  Robin (D:4)
  4 gnolls (D:6)
  10 adders
  2 shadow imps (D:8)
  2 oozes
  2 adder zombies
  3 worms
  5 dart slugs
  4 leopard geckos
  62 orcs
  6 giant cockroaches
  7 hobgoblins
  19 jackals
  10 kobolds
  5 quokkas
  10 bats
  5 frilled lizards
  12 goblins
  A quokka zombie (D:5)
  7 rats
400 creatures vanquished.

Vanquished Creatures (collateral kills)
  3 death yaks
  An elephant (Lair:5)
  A water moccasin (Lair:4)
5 creatures vanquished.

Vanquished Creatures (others)
  An entropy weaver (Lair:4)
  A shadow imp (D:5)
  An orc (D:5)
  A frilled lizard (D:5)
  A fungus (Lair:2)
  2 plants
7 creatures vanquished.

Grand Total: 412 creatures vanquished

Notes
Turn   | Place    | Note
-------+----------+-------------------------------------------
     0 | D:1      | Blobbbo the Troll Monk began the quest for the Orb.
     0 | D:1      | Reached XP level 1. HP: 22/22 MP: 0/0
     2 | D:1      | Noticed a dwarf
     4 | D:1      | Noticed a gargoyle
     4 | D:1      | Noticed a formicid
     6 | D:1      | Noticed a naga
     6 | D:1      | Noticed a felid
     8 | D:1      | Noticed a troll
    10 | D:1      | Noticed a draconian
    12 | D:1      | Noticed a merfolk
    12 | D:1      | Noticed a demigod
    14 | D:1      | Noticed a tengu
    14 | D:1      | Noticed a vampire
    16 | D:1      | Noticed an ogre
    16 | D:1      | Noticed a vine stalker
    18 | D:1      | Noticed a centaur
    18 | D:1      | Noticed a spriggan
    20 | D:1      | Noticed a human
    20 | D:1      | Noticed an octopode
    22 | D:1      | Noticed an elf
    22 | D:1      | Noticed a halfling
    24 | D:1      | Noticed a demonspawn
    24 | D:1      | Noticed a minotaur
    26 | D:1      | Noticed a ghoul
    38 | D:1      | You fall through a shaft!
    69 | D:2      | Reached XP level 2. HP: 28/29 MP: 1/1
   304 | D:2      | Reached XP level 3. HP: 22/36 MP: 2/2
   490 | D:2      | Found a stormy altar of Qazlal.
   589 | D:2      | Became a worshipper of Qazlal Stormbringer
   589 | D:2      | Reached * piety under Qazlal
   589 | D:2      | Reached ** piety under Qazlal
   693 | D:2      | Reached skill level 4 in Unarmed Combat
   929 | D:3      | Noticed Natasha
   935 | D:3      | Killed Natasha
   935 | D:3      | Reached XP level 4. HP: 29/44 MP: 3/3
  1012 | D:3      | Found a basalt altar of Yredelemnul.
  1128 | D:3      | Noticed Terence
  1135 | D:3      | Killed Terence
  1306 | D:3      | Reached skill level 1 in Invocations
  1402 | D:3      | Noticed Natasha
  1410 | D:3      | Killed Natasha
  1410 | D:3      | Reached skill level 5 in Unarmed Combat
  1410 | D:3      | Reached XP level 5. HP: 41/50 MP: 4/4
  1782 | D:3      | Noticed NixNut's ghost (amateur OpAs)
  1792 | D:3      | Noticed Sigmund
  1795 | D:3      | Killed NixNut's ghost
  1808 | D:3      | Killed Sigmund
  1808 | D:3      | Reached skill level 6 in Unarmed Combat
  1808 | D:3      | Reached XP level 6. HP: 42/59 MP: 4/6
  1962 | D:3      | Found a faded altar of an unknown god.
  2098 | D:4      | Reached XP level 7. HP: 52/66 MP: 7/7
  2102 | D:4      | Reached skill level 7 in Unarmed Combat
  2115 | D:4      | Reached *** piety under Qazlal
  2501 | D:4      | Found an opulent altar of Gozag.
  2679 | D:4      | Noticed Robin
  2685 | D:4      | Killed Robin
  2836 | D:5      | Entered Level 5 of the Dungeon
  2866 | D:5      | Reached skill level 8 in Unarmed Combat
  2964 | D:4      | Reached XP level 8. HP: 30/74 MP: 4/8
  3152 | D:5      | Reached skill level 9 in Unarmed Combat
  3160 | D:5      | Reached **** piety under Qazlal
  3211 | D:5      | Noticed Pikel
  3220 | D:5      | Killed Pikel
  3236 | D:5      | Noticed kroki's ghost (novice GnNe)
  3250 | D:5      | Killed kroki's ghost
  3250 | D:5      | Reached skill level 10 in Unarmed Combat
  3250 | D:5      | Reached XP level 9. HP: 50/83 MP: 9/9
  3296 | D:5      | Found an iron altar of Okawaru.
  3333 | D:5      | Found a snail-covered altar of Cheibriados.
  3350 | D:5      | Found a staircase to the Ecumenical Temple.
  3727 | D:6      | Reached skill level 5 in Dodging
  3859 | D:6      | Found a hazy altar of Hepliaklqana.
  3873 | D:6      | Reached skill level 1 in Maces & Flails
  3873 | D:6      | Reached skill level 1 in Throwing
  4081 | D:6      | Found a hide-covered altar of Uskayaw.
  4151 | D:6      | Noticed Natasha
  4178 | D:6      | Killed Natasha
  4403 | D:7      | Found Efairr's Antique Weapon Shoppe.
  4498 | D:7      | Found Lohar's General Store.
  4556 | D:7      | Found a shattered altar of Ashenzari.
  4792 | D:7      | Reached ***** piety under Qazlal
  4838 | D:7      | Found Ufewothesoa's Jewellery Emporium.
  4946 | D:7      | Reached skill level 5 in Fighting
  4970 | D:7      | Reached XP level 10. HP: 22/96 MP: 10/10
  5199 | D:7      | Noticed Duvessa
  5201 | D:7      | Killed Duvessa
  5202 | D:7      | Noticed Dowan
  5207 | D:7      | Killed Dowan
  5318 | D:8      | Noticed a deep elf mage
  5331 | D:8      | Killed a deep elf mage
  5331 | D:8      | Reached skill level 5 in Maces & Flails
  5550 | D:8      | Found a roughly hewn altar of Beogh.
  5630 | D:8      | Found a shimmering altar of Xom.
  5826 | D:8      | Found a sacrificial altar of Ru.
  5828 | D:8      | Found an ancient bone altar of Kikubaaqudgha.
  6017 | D:9      | Found a shimmering altar of Xom.
  6018 | D:9      | Found Xeinob's Weapon Shop.
  6367 | D:9      | Noticed Prince Ribbit
  6370 | D:9      | Killed Prince Ribbit
  6450 | D:9      | Found Riggonaz's Jewellery Shoppe.
  6530 | D:9      | Found an iron altar of Okawaru.
  6604 | D:9      | Noticed Maurice
  6610 | D:9      | Killed Maurice
  6610 | D:9      | Reached skill level 5 in Invocations
  6721 | D:9      | Found Vaoq's Antique Armour Boutique.
  6746 | D:9      | Found a staircase to the Orcish Mines.
  6927 | D:9      | Found an ornate altar of the Wu Jian Council.
  6996 | D:10     | Entered Level 10 of the Dungeon
  7099 | D:10     | Reached XP level 11. HP: 90/107 MP: 13/13
  7491 | D:10     | Noticed a centaur warrior
  7502 | D:10     | Killed a centaur warrior
  7502 | D:10     | Reached skill level 11 in Unarmed Combat
  7843 | D:11     | Found a staircase to the Lair.
  7848 | D:11     | Noticed a two-headed ogre
  7862 | D:10     | Reached ****** piety under Qazlal
  7975 | D:11     | Killed a two-headed ogre
  8635 | D:11     | Noticed a two-headed ogre
  8717 | D:10     | Killed a two-headed ogre
  8756 | Lair:1   | Entered Level 1 of the Lair of Beasts
  9051 | Lair:1   | Reached XP level 12. HP: 119/119 MP: 15/15
  9803 | Lair:2   | Reached skill level 12 in Unarmed Combat
  9806 | Lair:2   | Found a staircase to the Snake Pit.
 10558 | Lair:3   | Noticed a four-headed hydra
 10568 | Lair:3   | Killed a four-headed hydra
 10598 | Lair:3   | Noticed a four-headed hydra
 10607 | Lair:3   | Killed a four-headed hydra
 11025 | Lair:3   | Got a scorched platinum ring
 11027 | Lair:3   | Identified the ring "Hiumow" {rF+ rN+ MP+9} (You found it on level 3 of the Lair of Beasts)
 11045 | Lair:3   | Learned a level 2 spell: Song of Slaying
 11528 | Lair:4   | Reached skill level 1 in Charms
 11535 | Lair:4   | Noticed a death yak
 11538 | Lair:4   | Noticed a death yak
 11540 | Lair:4   | Noticed a death yak
 11557 | Lair:3   | Killed a death yak
 11655 | Lair:4   | Killed a death yak
 11655 | Lair:4   | Reached skill level 1 in Spellcasting
 11656 | Lair:4   | Killed a death yak
 11791 | Lair:4   | Got a colourful robe
 12374 | Lair:4   | Found a runed door.
 12426 | Lair:4   | Identified the +1 robe of Moar {rPois Int+4 Stlth-} (You found it on level 4 of the Lair of Beasts)
 12565 | Lair:4   | Found a staircase to the Shoals.
 12698 | Lair:4   | Reached skill level 1 in Armour
 12715 | Lair:4   | Noticed an entropy weaver
 12722 | Lair:4   | Killed an entropy weaver
 12825 | Lair:4   | Noticed an entropy weaver
 12841 | Lair:4   | Killed an entropy weaver
 12841 | Lair:4   | Reached XP level 13. HP: 50/128 MP: 17/17
 13070 | Lair:4   | Noticed an entropy weaver
 13078 | Lair:4   | Killed an entropy weaver
 13088 | Lair:4   | Noticed an entropy weaver
 13118 | Lair:4   | Killed an entropy weaver
 13248 | Lair:5   | Found a staircase to the Slime Pits.
 13249 | Lair:5   | Found a viscous altar of Jiyva.
 13415 | Lair:5   | Slain by a ten-headed hydra

Vault maps used:
D:1:      kb_arrival_jail
D:2:      lemuel_coloured_pillars_altar
D:3:      yredelemnul_altar_generic, chequers_ecumenical_altar_lobes,
          uniq_natasha, uniq_terence, uniq_sigmund
D:4:      lemuel_crystal_altar, first_ration,
          minmay_a_box_with_orc_wizards_in_it, uniq_robin
D:5:      slow_altar_1, minmay_temple_entry_statues, basic_altar, uniq_pikel
D:6:      lemuel_crystal_altar, kennysheep_mini
D:7:      ashenzari_altar_1, serial_shops, shop, shop, shop, grunt_livestock,
          uniq_duvessa
D:8:      chequers_temple_overflow_statue_of_worship, basic_altar, special_room
D:9:      nicolae_overflow_crystal_walls, okawaru_humans,
          overflow_temple_1_default, serial_shops, shop, shop, shop,
          uniq_prince_ribbit1, uniq_maurice
D:11:     erik_lair_island, nrook_guardian_serpent_double
Lair:1:   beast_lair_carwin_large_1
Lair:2:   guppyfry_snake_entry_garden
Lair:4:   gammafunk_mikee_crab_dinner, minmay_shoals_entry_hut,
          portal_ice_cave_entry_pillars_1
Lair:5:   slime_altar_1

Skill      XL: |  1  2  3  4  5  6  7  8  9 10 11 12 13 |
---------------+----------------------------------------+-----
Unarmed Combat | 4 5 6 8 10 11 12 | 12.3
Dodging        | 3 4 6 7 8 9 |  9.1
Invocations    | 1 2 5 6 7 |  7.3
Fighting       | 3 5 6 7 8 |  8.5
Maces & Flails | 4 5 |  5.2
Throwing       | 1 |  1.0
Charms         | 3 4 |  4.5
Spellcasting   | 2 |  2.7
Armour         | 1 2 |  2.8
Stealth        | |  1.0

Action                   |  1- 3 |  4- 6 |  7- 9 | 10-12 | 13-15 || total
-------------------------+-------+-------+-------+-------+-------++-------
Melee: Unarmed           |    63 |   111 |   338 |   625 |    59 ||  1196
       Punch             |     1 |     4 |    20 |    33 |     4 ||    62
       Whip              |       |       |       |     8 |       ||     8
 Cast: Song of Slaying   |       |       |       |     2 |       ||     2
Invok: Upheaval          |       |       |     1 |     5 |       ||     6
       Elemental Force   |       |       |       |     4 |     2 ||     6
  Use: Scroll            |       |     3 |       |     9 |     1 ||    13
       Potion            |       |       |       |     4 |     1 ||     5
 Stab: Distracted        |     1 |       |       |       |       ||     1
       Sleeping          |     1 |       |       |       |       ||     1
  Eat: Chunk             |     7 |    12 |    29 |    58 |       ||   106
       Ration            |       |       |       |     4 |       ||     4
Armor: Robe              |    23 |    35 |    71 |    94 |       ||   223
       Quicksilver drago |       |       |       |    25 |    52 ||    77
Dodge: Dodged            |    29 |    58 |   150 |   346 |    66 ||   649
       Deflected         |       |       |     6 |     9 |       ||    15
Block: Other             |     1 |     9 |    48 |   175 |    27 ||   260

Table legend:
 A = Spawn XP
 B = Non-spawn XP
 C = Spawn XP percentage of total XP
 D = Spawn monster count
 E = Non-spawn monster count
 F = Spawn count percentage of total count
 G = Total turns spent on level
                    A         B        C        D         E        F      G
               +---------+---------+-------+---------+---------+-------+---------
         Total |       0 |   44414 |   0.0 |       0 |     405 |   0.0 | 13415
               +---------+---------+-------+---------+---------+-------+---------
           D:1 |       0 |       1 |   0.0 |       0 |       1 |   0.0 |    38
           D:2 |       0 |      61 |   0.0 |       0 |      26 |   0.0 |   869
           D:3 |       0 |     459 |   0.0 |       0 |      32 |   0.0 |  1096
           D:4 |       0 |     879 |   0.0 |       0 |      44 |   0.0 |  1089
           D:5 |       0 |    1550 |   0.0 |       0 |      26 |   0.0 |   625
           D:6 |       0 |     688 |   0.0 |       0 |      27 |   0.0 |   676
           D:7 |       0 |    2280 |   0.0 |       0 |      40 |   0.0 |   890
           D:8 |       0 |    2744 |   0.0 |       0 |      49 |   0.0 |  1028
           D:9 |       0 |    1874 |   0.0 |       0 |      19 |   0.0 |   685
          D:10 |       0 |    5078 |   0.0 |       0 |      33 |   0.0 |   936
          D:11 |       0 |    4111 |   0.0 |       0 |      32 |   0.0 |   824
        Lair:1 |       0 |    4660 |   0.0 |       0 |      26 |   0.0 |   993
        Lair:2 |       0 |    2472 |   0.0 |       0 |      13 |   0.0 |   776
        Lair:3 |       0 |    4099 |   0.0 |       0 |      12 |   0.0 |  1090
        Lair:4 |       0 |   11043 |   0.0 |       0 |      19 |   0.0 |  1744
        Lair:5 |       0 |    2415 |   0.0 |       0 |       6 |   0.0 |    56
               +---------+---------+-------+---------+---------+-------+---------
